 Dungeon Crawl Stone Soup version 0.22.1-2-g9c5b331383 (webtiles) character file.

54 Jukra the Skirmisher (level 3, -3/29 HPs)
             Began as a Demonspawn Abyssal Knight on Dec 24, 2018.
             Was a Believer of Lugonu.
             Slain by a scorpion (4 damage)
             ... on level 2 of the Dungeon.
             The game lasted 00:03:55 (987 turns).

Jukra the Skirmisher (Demonspawn Abyssal Knight)     Turns: 987, Time: 00:03:56

Health: -3/29      AC: 12    Str: 13    XL:     3   Next: 66%
Magic:  0/5        EV:  3    Int: 13    God:    Lugonu [**....]
Gold:   28         SH:  0    Dex: 12    Spells: 2/2 levels left

rFire    . . .     SeeInvis .   a - +1 hand axe
rCold    + + .     Gourm    .   (no shield)
rNeg     + . .     Faith    .   j - +0 plate armour {rC+}
rPois    .         Spirit   +   (no helmet)
rElec    .         Reflect  .   (no cloak)
rCorr    .         Harm     .   k - +0 pair of gloves
MR       .....                  (no boots)
Stlth    ..........             f - amulet of guardian spirit
HPRegen  0.09/turn              l - ring of positive energy
MPRegen  0.09/turn              m - ring of ice

@: lethally poisoned (-3 -> -12)
A: fire resistance 1, flame cloud immunity
a: Depart the Abyss, Bend Space, Renounce Religion


You were on level 2 of the Dungeon.
You worshipped Lugonu.
Lugonu was pleased with you.
You were not hungry.

You visited 1 branch of the dungeon, and saw 2 of its levels.
You visited the Abyss 1 time.

You collected 28 gold pieces.

Inventory:

Hand Weapons
 a - a +1 hand axe (weapon)
 o - a +0 hunting sling
Missiles
 h - a tomahawk (quivered)
 p - 23 stones
Armour
 j - a +0 plate armour of cold resistance (worn)
 k - a +0 pair of gloves (worn)
Jewellery
 f - an amulet of guardian spirit (around neck)
 l - a ring of positive energy (left hand)
 m - a ring of ice (right hand)
Scrolls
 b - a scroll of remove curse {unknown}
 e - a scroll of random uselessness {unknown}
 i - 2 scrolls of identify {unknown}
 n - a scroll of immolation {unknown}
Potions
 d - a potion of degeneration {unknown}
 g - a potion of agility {unknown}
Comestibles
 c - 4 rations


   Skills:
 + Level 3.5 Fighting
 * Level 2.7 Axes
 + Level 2.2 Armour
 + Level 0.9 Dodging
 + Level 2.8 Invocations


You had 2 spell levels left.
You didn't know any spells.
Your spell library was empty.

Dungeon Overview and Level Annotations

Branches:
Dungeon (2/15)

Altars:


Innate Abilities, Weirdness & Mutations

Your flesh is heat resistant. (rF+)
You are immune to clouds of flame.


Message History

You feel sick. The scorpion barely misses you.
You hit the scorpion.
The scorpion is almost dead.
* * * LOW HITPOINT WARNING * * *
You feel sick. The scorpion stings you.
* * * LOW HITPOINT WARNING * * *
You hit the scorpion.
The scorpion is almost dead.
* * * LOW HITPOINT WARNING * * *
You feel sick. The scorpion barely misses you.
You closely miss the scorpion.
The scorpion is almost dead.
* * * LOW HITPOINT WARNING * * *
You feel sick.
The scorpion stings you but does no damage.
Your plate armour prevents you from hitting the scorpion.
The scorpion is almost dead.
* * * LOW HITPOINT WARNING * * *
You feel sick. The scorpion stings you!
You die...

#....#....#
#....#....#
#....#....#
#.....###.#
+.<.......#
#.....#####
+)††..+
#.)†..#
#....@#
###..†s.....#
#.........#
#.........#
$.........#
....=##....#
......# #####
.......#


You could see a scorpion.

Vanquished Creatures
  An adder (D:2)
  An ooze (D:1)
  A dart slug (D:1)
  A leopard gecko (D:1)
  4 bats
  A giant cockroach (D:1)
  9 goblins
  A hobgoblin (D:2)
  4 jackals (D:1)
  3 kobolds
  4 frilled lizards (D:1)
  3 rats
33 creatures vanquished.

Notes
Turn   | Place    | Note
-------+----------+-------------------------------------------
     0 | Abyss:1  | Jukra the Demonspawn Abyssal Knight began the quest for the
                  | Orb.
     0 | Abyss:1  | Reached XP level 1. HP: 18/18 MP: 2/2
     0 | D:1      | Escaped the Abyss
   192 | D:1      | Gained mutation: Your flesh is heat resistant. (rF+)
                  | [demonic ancestry]
   192 | D:1      | Reached XP level 2. HP: 24/24 MP: 4/4
   494 | D:1      | Reached * piety under Lugonu
   719 | D:1      | Gained mutation: You are immune to clouds of flame.
                  | [demonic ancestry]
   719 | D:1      | Reached XP level 3. HP: 25/29 MP: 3/5
   949 | D:2      | Reached ** piety under Lugonu
   966 | D:2      | Noticed a scorpion
   987 | D:2      | HP: 1/29 [poisoned by a scorpion]
   987 | D:2      | Slain by a scorpion

Skill      XL: |  1  2 |
---------------+-------+-----
Axes           | 2 |  2.7
Armour         | 2 |  2.2
Fighting       | |  3.5
Dodging        | |  0.9
Invocations    | |  2.8

Action                   || total
-------------------------++-------
Melee: Hand axe          ||    97
Throw: Tomahawk          ||     4
Invok: Depart the Abyss  ||     1
Armor: Leather armour    ||    24
       Plate armour      ||    58
Dodge: Dodged            ||    48
